 Dungeon Crawl Stone Soup version 0.21-a0-529-g8c7b3f5 (webtiles) character file.

9508 Coron the Cleaver (level 11, -11/100 HPs)
             Began as a Deep Dwarf Chaos Knight on Dec 10, 2017.
             Was a Believer of Elyvilon.
             Killed by divine providence
             ... invoked by an orc priest
              (13 damage)
             ... on level 11 of the Dungeon.
             The game lasted 00:42:51 (10220 turns).

Coron the Cleaver (Deep Dwarf Chaos Knight)        Turns: 10220, Time: 00:42:52

Health: -11/100    AC: 11    Str: 18    XL:     11   Next: 24%
Magic:  5/5        EV:  6    Int: 12    God:    Elyvilon [**....]
Gold:   722        SH:  0    Dex: 12    Spells: 10/10 levels left

rFire    . . .     SeeInvis .   G - +0 war axe
rCold    . . .     Gourm    .   (no shield)
rNeg     . . .     Faith    .   m - +0 plate armour
rPois    .         Spirit   .   k - +0 hat
rElec    .         Reflect  .   f - +0 cloak
rCorr    .         Harm     .   (no gloves)
MR       +....     Rnd*Tele +   n - +0 pair of boots
Stlth    ..........             (no amulet)
HPRegen  0.00/turn              (no ring)
MPRegen  0.09/turn              (no ring)

@: non-regenerating, heavily drained
A: damage resistance, heal wounds, talons 1, blink, deformed body, sense
surroundings 2, screaming 1, teleportitis 1, weak 1, no regeneration
a: Heal Wounds, Blink, Lesser Healing, Heal Other, Divine Protection, Renounce
Religion


You were on level 11 of the Dungeon.
You worshipped Elyvilon.
Elyvilon was pleased with you.
You were not hungry.

You visited 1 branch of the dungeon, and saw 11 of its levels.
You visited the Abyss 1 time.
You also visited: Sewer and Ossuary.

You collected 722 gold pieces.

Inventory:

Hand Weapons
 a - a +1 hand axe of chaos
 G - a +0 war axe (weapon)
 N - a +0 flail of draining
Missiles
 A - 2 javelins of returning (quivered)
 S - 9 tomahawks
Armour
 b - a +3 leather armour
 f - a +0 cloak (worn)
 k - a +0 hat (worn)
 m - a +0 plate armour (worn)
 n - a +0 pair of boots (worn)
Jewellery
 F - an uncursed ring of teleportation
Wands
 d - a wand of digging (12)
 l - a wand of flame (13)
 p - a wand of random effects (13)
 x - a wand of polymorph (7)
 L - a wand of paralysis (6)
Scrolls
 e - 2 scrolls of enchant armour
 i - 3 scrolls of enchant weapon
 j - 3 scrolls of remove curse
 o - a scroll of identify
 q - 4 scrolls of fear
 r - a scroll of amnesia
 y - a scroll of magic mapping {unknown}
 B - 3 scrolls of fog
 P - a scroll of vulnerability {unknown}
 Q - a scroll of blinking {unknown}
Potions
 g - 2 potions of agility
 h - 3 potions of cancellation
 s - a potion of berserk rage
 u - 4 potions of flight
 v - a potion of invisibility
 C - a potion of might
 D - 2 potions of haste
 E - 2 potions of magic
 H - a potion of curing
 J - 3 potions of brilliance
 K - a potion of lignification {unknown}
Comestibles
 c - 4 bread rations
 z - 2 meat rations
 M - a royal jelly


   Skills:
 - Level 7.1(5.4) Fighting
 - Level 13.0(11.0) Axes
 + Level 10.6(8.7) Armour
 - Level 1.4(0.0) Dodging
 + Level 2.7(1.2) Invocations
 - Level 6.3(4.6) Evocations


You had 10 spell levels left.
You didn't know any spells.

Dungeon Overview and Level Annotations

Branches:
Dungeon (11/15)            Temple (0/1) D:4            Lair (0/6) D:9
    Orc (0/2) D:10

Altars:
Elyvilon
Gozag
Okawaru
Qazlal
Sif Muna
Xom

Annotations:
D:7 wtf frozen wraith bs, exclusions: door and 7 more exclusions


Innate Abilities, Weirdness & Mutations

You are resistant to damage.
You can heal yourself by infusing magical energy.
You passively map the area around you.
You do not regenerate.
You have sharp toenails.
You can translocate small distances at will.
Armour fits poorly on your strangely shaped body.
You occasionally shout uncontrollably at your foes.
You are occasionally teleported next to monsters.
You are weak. (Str -2)


Message History

The orc priest closely misses you.
You closely miss the orc priest.
The orc priest is heavily wounded.
You slash the wight! You slash the orc!
You kill the orc!
The wight hits you with a spear.
* * * LOW HITPOINT WARNING * * *
The orc priest hits you with a dagger.
Your plate armour prevents you from hitting the orc priest.
The orc priest is heavily wounded.
You completely miss the wight.
The orc priest calls down the wrath of Beogh upon you.
Beogh smites you!
* * * LOW HITPOINT WARNING * * *
The wight hits you but does no damage.
Okay, then.
You fail to use your ability.
The orc priest invokes the aid of Beogh against you.
Beogh smites you!
You die...

............#....#...#
............#....#...#
............#....#...#
##################...#
, #......# , , , , ,
#......# * , ,#......#
, , #))..).# ,,,, , *
#z@#####
*#.....oo....# ,, ,
,.....o......# , ,,
............# ,,
............#
*,########....# , ,,
,, , ....# ,, , , ,
....# ,,* , , , ,


You could see a wight, 2 orc priests and an orc.

Vanquished Creatures
  A two-headed ogre (D:11)
  A cyclops (D:11)
  Maurice (D:9)
  Joseph (D:8)
  A troll (D:9)
  A hippogriff (D:10)
  4 flying skulls (Abyss:1)
  Sigmund (D:4)
  A wraith (D:7)
  6 yaks
  A neqoxec (Abyss:1)
  4 wargs
  2 water moccasins
  2 ice beasts
  An orc warrior (D:10)
  A swamp drake (D:9)
  A black bear (D:11)
  2 phantoms
  An ogre (D:4)
  A crocodile (D:7)
  A centaur (D:10)
  A big kobold (D:11)
  9 bullfrogs
  2 water moccasin zombies (Ossuary)
  3 scorpions
  11 killer bees
  4 wights (D:11)
  6 howler monkeys
  3 bullfrog zombies
  4 crimson imps
  A quasit (D:8)
  9 orc priests
  7 hounds
  6 orc wizards
  Crazy Yiuf (D:3)
  3 jellies
  2 centaur skeletons
  3 bullfrog skeletons
  Ijyb (D:3)
  Natasha (twice) (D:3)
  3 iguanas
  5 worker ants
  3 big kobold zombies (Ossuary)
  2 hound zombies
  2 howler monkey zombies
  2 mummies (Ossuary)
  7 gnolls
  12 adders
  7 river rats
  3 shadow imps
  A white imp (Abyss:1)
  An ooze (D:3)
  5 adder zombies (Ossuary)
  8 worms
  2 dart slugs
  5 leopard geckos
  29 orcs
  4 ball pythons
  4 bats
  2 giant cockroaches
  13 goblins
  9 hobgoblins
  A jackal (D:10)
  12 kobolds
  4 quokkas
  9 frilled lizards
  A giant cockroach zombie (D:5)
  4 gnoll zombies (Ossuary)
  3 hobgoblin zombies (Ossuary)
  A jackal zombie (D:7)
  6 kobold zombies (Ossuary)
  2 orc zombies (Ossuary)
  A quokka zombie (D:5)
  7 rats
  A bush (D:3)
  2 fungi (D:3)
296 creatures vanquished.

Vanquished Creatures (collateral kills)
  An orc (D:7)
1 creature vanquished.

Vanquished Creatures (others)
  A centaur skeleton (D:10)
  An ogre (D:9)
  An orc (D:8)
  4 starspawn tentacles (Abyss:1)
7 creatures vanquished.

Grand Total: 304 creatures vanquished

Notes
Turn   | Place    | Note
-------+----------+-------------------------------------------
     0 | D:1      | Coron the Deep Dwarf Chaos Knight began the quest for the Orb.
     0 | D:1      | Reached XP level 1. HP: 20/20 MP: 1/1
   109 | D:1      | XOM: potion effect (might)
   110 | D:1      | Reached XP level 2. HP: 24/27 MP: 2/2
   152 | D:1      | XOM: harmless Summ miscast
   982 | D:2      | Reached XP level 3. HP: 30/34 MP: 3/3
  1138 | D:2      | Reached skill level 4 in Axes
  1252 | D:2      | XOM: mild Chrm miscast
  1328 | D:2      | XOM: scenery: create altars
  1398 | D:2      | Found an opulent altar of Gozag.
  1441 | D:2      | XOM: scenery: create altars
  1467 | D:3      | Reached XP level 4. HP: 27/42 MP: 4/4
  1763 | D:3      | XOM: give mutations
  1763 | D:3      | Gained mutation: You occasionally shout uncontrollably at your foes. [Xom's mischief]
  1763 | D:3      | Gained mutation: Armour fits poorly on your strangely shaped body. [Xom's mischief]
  1763 | D:3      | Gained mutation: You are weak. (Str -2) [Xom's mischief]
  1763 | D:3      | Gained mutation: You can translocate small distances at will. [Xom's mischief]
  1867 | D:3      | XOM: noise
  1958 | D:3      | Noticed Ijyb
  1978 | D:3      | Killed Ijyb
  2003 | D:3      | Noticed Natasha
  2012 | D:3      | Killed Natasha
  2012 | D:3      | Reached XP level 5. HP: 29/49 MP: 5/5
  2102 | D:3      | Reached skill level 5 in Armour
  2121 | D:3      | Noticed Natasha
  2131 | D:3      | Killed Natasha
  2277 | D:3      | Found a runed door.
  2281 | D:3      | Noticed Crazy Yiuf
  2287 | D:3      | XOM: potion effect (brilliance)
  2290 | D:3      | XOM: noise
  2293 | D:3      | Killed Crazy Yiuf
  2379 | D:4      | Noticed Sigmund
  2421 | D:4      | Found a stormy altar of Qazlal.
  2469 | D:4      | Found a staircase to the Ecumenical Temple.
  2513 | D:4      | XOM: mild Summ miscast
  2681 | D:4      | Noticed a phantom
  2704 | D:4      | XOM: fog
  2720 | D:4      | XOM: divination: magic mapping
  2971 | D:4      | Noticed an ogre
  2984 | D:4      | XOM: butterfly on damage
  2988 | D:4      | Killed an ogre
  2988 | D:4      | Reached XP level 6. HP: 36/56 MP: 6/6
  3010 | D:4      | Killed Sigmund
  3057 | D:4      | XOM: harmless Air miscast
  3062 | D:4      | XOM: noise
  3071 | D:4      | Reached XP level 7. HP: 50/62 MP: 7/7
  3378 | D:4      | XOM: confusion (+ monsters)
  3504 | D:5      | Entered Level 5 of the Dungeon
  3934 | D:5      | Found a glowing drain.
  3943 | Sewer    | Entered a sewer
  3978 | Sewer    | XOM: confuse monster(s)
  4248 | Sewer    | XOM: polymorph ball python -> hobgoblin
  4484 | D:5      | XOM: god gift: 10 gold pieces
  4531 | D:5      | XOM: harmless Tloc miscast
  4571 | D:5      | Reached skill level 5 in Fighting
  4712 | D:5      | Reached XP level 8. HP: 52/75 MP: 6/6
  4786 | D:6      | Found a sand-covered staircase.
  4801 | Ossuary  | Entered an ossuary
  4882 | Ossuary  | XOM: silly message
  4999 | Ossuary  | XOM: divination: detect items
  5681 | D:6      | XOM: divination: magic mapping
  5684 | D:6      | Reached skill level 5 in Axes
  5785 | D:6      | XOM: divination: detect creatures
  5868 | D:6      | XOM: god gift: blowgun {god gift}
  6048 | D:7      | XOM: noise
  6067 | D:7      | Reached skill level 6 in Axes
  6067 | D:7      | Gained mutation: You passively map the area around you. [Deep Dwarf growth]
  6067 | D:7      | Reached XP level 9. HP: 46/86 MP: 6/6
  6215 | D:7      | XOM: cast spell 'Summon Small Mammal'
  6219 | D:7      | XOM: confuse monster(s)
  6221 | D:7      | Reached skill level 1 in Evocations
  6258 | D:7      | Noticed a freezing wraith
  6270 | D:7      | XOM: mild Erth miscast
  6271 | D:7      | XOM: potion effect (might)
  6326 | D:7      | Found a deep blue altar of Sif Muna.
  6371 | D:7      | XOM: cast spell 'Cause Fear'
  6395 | D:7      | Reached skill level 5 in Evocations
  6437 | D:7      | Noticed a death knight
  6713 | D:7      | Noticed a freezing wraith
  6836 | D:8      | Found an iron altar of Okawaru.
  7016 | D:8      | XOM: confuse monster(s)
  7054 | D:8      | Found a white marble altar of Elyvilon.
  7175 | D:8      | Noticed Joseph
  7187 | D:8      | XOM: confusion (+ monsters)
  7212 | D:8      | Killed Joseph
  7212 | D:8      | Reached skill level 7 in Axes
  7255 | D:8      | XOM: mild Ice miscast
  7525 | D:9      | Found a staircase to the Lair.
  7543 | D:8      | Reached skill level 10 in Armour
  7622 | D:8      | Reached skill level 8 in Axes
  7711 | D:8      | Reached XP level 10. HP: 53/94 MP: 10/10
  7726 | D:9      | XOM: cast spell 'Olgreb's Toxic Radiance'
  7744 | D:9      | Reached skill level 9 in Axes
  7746 | D:9      | XOM: cast spell 'Shadow Creatures'
  7750 | D:9      | XOM: summons friendly quasit
  7761 | D:9      | XOM: confuse monster(s)
  7829 | D:8      | XOM: give mutation
  7829 | D:8      | Gained mutation: You have sharp toenails. [Xom's grace]
  7898 | D:9      | Noticed Maurice
  7915 | D:9      | XOM: smoke on damage
  7917 | D:9      | XOM: scenery: create altars
  7923 | D:9      | XOM: summons 4 friendly demons
  7924 | D:9      | Reached skill level 10 in Axes
  7945 | D:9      | Killed Maurice
  8003 | D:9      | HP: 2/94 [something (4)]
  8006 | D:9      | XOM: potion effect (berserk rage)
  8009 | D:9      | XOM: cast spell 'Statue Form'
  8011 | D:9      | Reached skill level 11 in Axes
  8314 | D:9      | XOM: swap monsters
  8449 | D:10     | Entered Level 10 of the Dungeon
  8648 | D:10     | XOM: polymorph adder -> jackal
  8692 | D:10     | XOM: medium Necr miscast
  8866 | D:8      | Fell from the grace of Xom
  8866 | D:8      | Became a worshipper of Elyvilon the Healer
  8980 | D:10     | Reached skill level 12 in Axes
  9094 | D:10     | Found a staircase to the Orcish Mines.
  9094 | D:10     | XOM: repel stairs
  9137 | D:10     | XOM: medium Conj miscast
  9191 | D:10     | XOM: stat loss: -2 Dex (10/12)
  9463 | D:11     | Noticed a two-headed ogre
  9476 | D:11     | Killed a two-headed ogre
  9476 | D:11     | Reached XP level 11. HP: 6/100 MP: 9/9
  9572 | D:11     | Reached * piety under Elyvilon
  9701 | D:11     | Cast into level 1 of the Abyss (big kobold)
  9774 | Abyss:1  | Noticed a tentacled starspawn
  9793 | Abyss:1  | Noticed a green death
  9851 | Abyss:1  | Reached skill level 13 in Axes
  9883 | Abyss:1  | Reached ** piety under Elyvilon
  9895 | Abyss:1  | Gained mutation: You are occasionally teleported next to monsters. [a neqoxec]
  9911 | Abyss:1  | Noticed a large abomination
  9918 | Abyss:1  | Noticed a great orb of eyes
  9997 | Abyss:1  | Noticed a rakshasa
 10008 | D:11     | Escaped the Abyss
 10013 | D:11     | Reached skill level 1 in Invocations
 10219 | D:11     | HP: 2/100 [orc priest/divine providence (6)]
 10220 | D:11     | Killed from afar by an orc priest

Vault maps used:
D:1:      dpeg_arrival_stone_temple_mockup, fountainhead,
          hangedman_decor_slide_cut, hangedman_glass_teeth,
          kennysheep_small_spiral
D:2:      nicolae_overflow_hidden_temple, first_bread,
          kennysheep_generic_room_13
D:3:      kennysheep_generic_room_15, uniq_crazy_yiuf_cottage, uniq_natasha,
          uniq_ijyb
D:4:      nicolae_qazlal_eye_of_the_storm, temple_statues,
          kennysheep_small_square, uniq_sigmund
D:5:      lightli_sewer_entry_pipes, kennysheep_another_room,
          due_unseen_surprise
D:6:      nicolae_ossuary_entry_ruins
D:7:      led_sif_pool, grunt_ogre_cave
D:8:      lemuel_upstairs_altar, nicolae_overflow_crystal_walls,
          elyvilon_altar_5, uniq_joseph
D:9:      erik_lair_orcish_takeover, minmay_misc_feat_hallway,
          minmay_statues_item, st_stairs_6, uniq_maurice
D:10:     erik_orc_3
Abyss:1:  minivault_22
Sewer:    sewer_co_cracked_pipes
Ossuary:  ossuary_tomb_2

Skill      XL: |  1  2  3  4  5  6  7  8  9 10 11 |
---------------+----------------------------------+-----
Fighting       | 3 5 7 |  7.1
Armour         | 3 4 6 7 8 9 10 | 10.6
Axes           | 4 6 8 12 13 | 13.0
Evocations     | 6 |  6.3
Invocations    | 2 |  2.7
Dodging        | |  1.4

Action                   |  1- 3 |  4- 6 |  7- 9 | 10-12 || total
-------------------------+-------+-------+-------+-------++-------
Melee: Hand axe          |   104 |   171 |   734 |   271 ||  1280
       Unarmed           |       |     3 |       |       ||     3
       War axe           |       |       |       |   197 ||   197
       Kick              |       |       |       |     2 ||     2
Throw: Javelin           |       |    26 |    39 |     6 ||    71
Invok: Lesser Healing    |       |       |       |    13 ||    13
 Abil: Heal Wounds       |       |     3 |    17 |    27 ||    47
Evoke: Wand              |     2 |     3 |     4 |     1 ||    10
  Use: Scroll            |     1 |     1 |    14 |     8 ||    24
       Potion            |       |       |     7 |     2 ||     9
 Stab: Confused          |       |       |     3 |     4 ||     7
       Petrified         |       |       |    11 |     3 ||    14
       Paralysed         |       |       |     6 |       ||     6
       Petrifying        |       |       |     1 |     4 ||     5
  Eat: Chunk             |     2 |     1 |    11 |     8 ||    22
       Meat ration       |       |     1 |     1 |       ||     2
       Royal jelly       |       |       |       |     1 ||     1
       Fruit             |       |       |       |     1 ||     1
Armor: Leather armour    |    38 |    42 |     5 |       ||    85
       Plate armour      |       |       |   454 |   259 ||   713
       Skin              |       |       |       |     7 ||     7
Dodge: Dodged            |    48 |    91 |   193 |   156 ||   488

Table legend:
 A = Spawn XP
 B = Non-spawn XP
 C = Spawn XP percentage of total XP
 D = Spawn monster count
 E = Non-spawn monster count
 F = Spawn count percentage of total count
 G = Total turns spent on level
                    A         B        C        D         E        F      G
               +---------+---------+-------+---------+---------+-------+---------
         Total |    1084 |   12499 |   8.0 |       6 |     290 |   2.0 | 10220
               +---------+---------+-------+---------+---------+-------+---------
           D:1 |       0 |      35 |   0.0 |       0 |      19 |   0.0 |   941
           D:2 |       0 |      54 |   0.0 |       0 |      16 |   0.0 |   516
           D:3 |       0 |     213 |   0.0 |       0 |      19 |   0.0 |  1004
           D:4 |       0 |     599 |   0.0 |       0 |      10 |   0.0 |  1043
           D:5 |       0 |     483 |   0.0 |       0 |      21 |   0.0 |   898
           D:6 |       0 |     715 |   0.0 |       0 |      21 |   0.0 |   862
           D:7 |       0 |    1130 |   0.0 |       0 |      22 |   0.0 |   857
           D:8 |       0 |    2219 |   0.0 |       0 |      27 |   0.0 |  1133
           D:9 |       0 |    2924 |   0.0 |       0 |      41 |   0.0 |   713
          D:10 |       0 |    1702 |   0.0 |       0 |      34 |   0.0 |   875
          D:11 |       0 |    2021 |   0.0 |       0 |      17 |   0.0 |   450
       Abyss:1 |    1084 |       0 | 100.0 |       6 |       0 | 100.0 |   307
         Sewer |       0 |      80 |   0.0 |       0 |      16 |   0.0 |   375
       Ossuary |       0 |     324 |   0.0 |       0 |      27 |   0.0 |   246
               +---------+---------+-------+---------+---------+-------+---------
